 Dungeon Crawl Stone Soup version 0.25-a0-290-g4a1327ee3a (webtiles) character file.

Game seed: 468707575151119125, levelgen mode: classic

36 Borgoz the Skirmisher (level 3, 0/23 HPs)
             Began as a Kobold Fighter on Dec 15, 2019.
             Slain by an adder (1 damage)
             ... on level 2 of the Dungeon.
             The game lasted 00:01:37 (1044 turns).

Borgoz the Skirmisher (Kobold Fighter)              Turns: 1044, Time: 00:01:38

Health: 0/23       AC:  6    Str: 14    XL:     3   Next: 57%
Magic:  3/3        EV:  9    Int:  9    God:
Gold:   97         SH:  9    Dex: 14    Spells: 2/2 levels left

rFire    . . .     SeeInvis .   a - +0 rapier
rCold    . . .     Gourm    .   c - +0 shield
rNeg     . . .     Faith    .   b - +0 scale mail
rPois    .         Spirit   .   (no helmet)
rElec    .         Reflect  .   (no cloak)
rCorr    .         Harm     .   (no gloves)
MR       .....                  (no boots)
Stlth    ..........             (no amulet)
HPRegen  0.07/turn              (no ring)
MPRegen  0.08/turn              (no ring)

@: lethally poisoned (0 -> -13), flying
A: small, carnivore
a: no special abilities


You were on level 2 of the Dungeon.
You were completely stuffed.

You visited 1 branch of the dungeon, and saw 2 of its levels.

You collected 97 gold pieces.

Inventory:

Hand Weapons
 a - a +0 rapier (weapon)
Armour
 b - a +0 scale mail (worn)
 c - a +0 shield (worn)
Wands
 n - a wand of acid (4)
Scrolls
 e - a scroll of amnesia {unknown}
 h - a scroll of blinking {unknown}
 i - 3 scrolls of teleportation {unknown}
 j - a scroll of identify {unknown}
Potions
 d - a potion of might
 g - a potion of curing {unknown}
 o - a potion of agility {unknown}
Comestibles
 f - 6 rations
 m - a chunk of flesh


   Skills:
 + Level 3.4 Fighting
 * Level 3.3 Short Blades
 * Level 2.6 Armour
 * Level 1.3 Dodging
 + Level 1.0 Stealth
 + Level 2.5 Shields
 + Level 0.4 Spellcasting


You had 2 spell levels left.
You didn't know any spells.
Your spell library was empty.

Dungeon Overview and Level Annotations

Branches:
Dungeon (2/15)

Altars:


Innate Abilities, Weirdness & Mutations

You are small and have problems with some larger weapons.
You are carnivorous and can eat meat at any time.


Message History

The adder poisons you! You block the goblin's attack. The adder bites you.
You are more poisoned.
The adder poisons you!
You barely miss the adder.
The adder is heavily wounded.
* * * LOW HITPOINT WARNING * * *
You feel sick. The goblin closely misses you. The adder bites you.
* * * LOW HITPOINT WARNING * * *
Unknown command.
It was a potion of cancellation.
You feel magically purged.
* * * LOW HITPOINT WARNING * * *
You feel sick. The adder closely misses you.
The goblin hits you but does no damage.
Unknown command.
It was a potion of flight.
You feel very buoyant.
You fly up into the air.
* * * LOW HITPOINT WARNING * * *
You feel sick. The adder bites you.
You die...

####.....รท.......#
###.......#.......
#.........#.......
#.#.......#.......
##.#.......#.######
.......#.#.#.# ..
.......#.#...# ...
.......#.##########.#..#
.......#.......g@S......
.......######.#.#.#!#...
........................
.......#.#.#..#.#.#.#..#
.......#.#.#...........#
##.#..)..#.#..#.#.#.#...
#.....................#
#............#.#.#.#..#
##....................


You could see an adder and a goblin.

Vanquished Creatures
  An ooze (D:1)
  2 dart slugs (D:1)
  5 bats
  A giant cockroach (D:1)
  4 goblins (D:1)
  4 hobgoblins (D:1)
  A ball python (D:1)
  3 frilled lizards (D:1)
  4 kobolds
  3 rats (D:1)
28 creatures vanquished.

Notes
Turn   | Place    | Note
-------+----------+-------------------------------------------
     0 | D:1      | Borgoz the Kobold Fighter began the quest for the Orb.
     0 | D:1      | Reached XP level 1. HP: 14/14 MP: 1/1
    51 | D:1      | Reached XP level 2. HP: 15/19 MP: 2/2
   430 | D:1      | Reached skill level 1 in Dodging
   509 | D:1      | Reached XP level 3. HP: 23/23 MP: 3/3
   634 | D:1      | Reached skill level 1 in Stealth
  1044 | D:2      | HP: 1/23 [poisoned by an adder]
  1044 | D:2      | Slain by an adder

Levels and vault maps discovered:
D:1:      psy_arrival_terrarium, layout_basic, hex_large
D:2:      wad_river_or_something, layout_basic, serial_glass, glass_columns_a,
          glass_columns_c

Skill      XL: |  1  2  3 |
---------------+----------+-----
Short Blades   | 3 |  3.3
Dodging        | 1 |  1.3
Stealth        | 1 |  1.0
Fighting       | |  3.4
Armour         | |  2.6
Shields        | |  2.5
Spellcasting   | |  0.4

Action                   || total
-------------------------++-------
Melee: Rapier            ||   101
  Use: Potion            ||     2
  Eat: Chunk             ||     9
Armor: Scale mail        ||    64
Dodge: Dodged            ||    47
Block: Shield            ||    58

Table legend:
 A = Non-vault XP
 B = Vault XP
 C = Vault XP percentage of total XP
 D = Non-vault monster count
 E = Vault monster count
 F = Vault count percentage of total count
                 A         B        C        D         E       F
            +---------+---------+-------+---------+---------+-------
      Total |      52 |       0 |   0.0 |      28 |       0 |   0.0
            +---------+---------+-------+---------+---------+-------
        D:1 |      47 |       0 |   0.0 |      25 |       0 |   0.0
        D:2 |       5 |       0 |   0.0 |       3 |       0 |   0.0
            +---------+---------+-------+---------+---------+-------
